 Dungeon Crawl Stone Soup version 0.28.0-53-g5a82cb258f (webtiles) character file.

Game seed: 18251360378721153059

205519 Jerry the Brawler (level 17, -2/156 HPs)
             Began as a Troll Hunter on July 5, 2022.
             Was the Champion of Jiyva.
             Slain by a nagaraja
             ... wielding a +0 spear
              (13 damage)
             ... on level 3 of the Snake Pit on July 7, 2022.
             The game lasted 03:03:29 (27705 turns).

Jerry the Brawler (Troll Hunter)                   Turns: 27705, Time: 03:03:31

Health: -2/156     AC: 29    Str: 26    XL:     17   Next: 54%
Magic:  0/16       EV:  4    Int:  7    God:    Jiyva [******]
Gold:   801        SH: 11    Dex: 20    Spells: 16/16 levels left

rFire   + + .      SeeInvis .     - Unarmed
rCold   + + .      Faith    .   W - +0 kite shield {reflect}
rNeg    . . .      Spirit   +   J - +2 gold dragon scales
rPois   +          Reflect  +   B - +0 hat {Stlth+}
rElec   .          Harm     .   u - +2 cloak
rCorr   +          Rampage  .   (gloves unavailable)
Will    +++++                   (boots unavailable)
Stlth   ..........              U - amulet of guardian spirit
HPRegen 2.76/turn               f - ring of Fasoryal {rF+ Will+ rCorr MP-9 Dex+4}
MPRegen 0.65/turn               H - ring of Gluttony {+Blink rC+ MP+9 Str-2}

@: mighty, lethally poisoned (-2 -> -5), about to teleport, constricted,
invisible
A: large, unfitting armour, claws 3, regeneration 1, shaggy fur 1, tough skin 1,
horns 2, iridescent scales 1, agile 1, strong-willed 3, strong 1, acidic bite,
translucent skin 2, jelly absorbing missiles, MP-powered wands
}: 2/15 runes: decaying, slimy
a: Renounce Religion, Evoke Blink, Oozemancy, Slimify


You were on level 3 of the Snake Pit.
You worshipped Jiyva.
Jiyva was exalted by your worship.
You visited 6 branches of the dungeon, and saw 35 of its levels.
You also visited: Sewer, Gauntlet and Volcano.

You collected 2181 gold pieces.
You spent 1380 gold pieces at shops.

Inventory:

Hand Weapons
 d - a +2 vorpal triple sword
 v - a +0 giant spiked club of freezing
 M - the +2 short sword of Duty {venom, rN+++ Int-4 Dex+2}
   (You found it on level 13 of the Dungeon)

   It poisons the flesh of those it strikes.
   Int:       It affects your intelligence (-4).
   Dex:       It affects your dexterity (+2).
   rN:        It renders you almost immune to negative energy.
Missiles
 K - a throwing net
 N - 16 large rocks (quivered)
Armour
 u - a +2 cloak (worn)
 B - a +0 hat of stealth (worn)
 J - +2 gold dragon scales (worn)
 W - a +0 kite shield of reflection (worn)
Jewellery
 f - the ring of Fasoryal (left claw) {rF+ Will+ rCorr MP-9 Dex+4}
   (You acquired it on level 5 of the Dungeon)

   [ring of protection from fire]

   Dex:       It affects your dexterity (+4).
   rF:        It protects you from fire.
   MP:        It affects your magic capacity (-9).
   rCorr:     It protects you from acid and corrosion.
   Will:      It increases your willpower.
 g - the ring "Cutteuv" {Wiz rPois rF- rCorr}
   (You found it on level 5 of the Pits of Slime)

   [ring of wizardry]

   It improves your spell success rate.
   rF:        It makes you vulnerable to fire.
   rPois:     It protects you from poison.
   rCorr:     It protects you from acid and corrosion.
 o - a ring of flight
 A - an amulet of reflection
 C - a ring of ice
 D - the ring of Intercession {rF+ rCorr MP+9 Stlth-}
   (You found it on level 7 of the Dungeon)

   [ring of resist corrosion]

   rF:        It protects you from fire.
   MP:        It affects your magic capacity (+9).
   rCorr:     It protects you from acid and corrosion.
   Stlth:     It makes you less stealthy.
 F - the ring of Arytiru {Fire rPois Will+}
   (You found it on level 5 of the Pits of Slime)

   [ring of fire]

   It enhances your fire magic.
   rF:        It protects you from fire.
   rC:        It makes you vulnerable to cold.
   rPois:     It protects you from poison.
   Will:      It increases your willpower.
 H - the ring of Gluttony (right claw) {+Blink rC+ MP+9 Str-2}
   (You found it on level 5 of the Pits of Slime)

   [ring of magical power]

   Str:       It affects your strength (-2).
   rC:        It protects you from cold.
   MP:        It affects your magic capacity (+9).
   +Blink:    It lets you blink.
 I - a +4 ring of evasion
 R - a ring of fire
 U - an amulet of guardian spirit (around neck)
Wands
 c - a wand of paralysis (22)
 s - a wand of digging (27)
 t - a wand of charming (14)
 w - a wand of acid (11)
 z - a wand of iceblast (16)
 P - a wand of flame (35)
 V - a wand of polymorph (8)
Scrolls
 j - 2 scrolls of brand weapon
 m - 2 scrolls of summoning
 n - 3 scrolls of immolation
 G - a scroll of teleportation
 L - a scroll of silence
 O - a scroll of fear
 S - 2 scrolls of amnesia
 T - 3 scrolls of fog
Potions
 a - a potion of flight
 b - 6 potions of attraction
 e - 2 potions of ambrosia
 h - 2 potions of might
 i - a potion of lignification
 k - 4 potions of mutation
 p - 2 potions of berserk rage
 q - 10 potions of heal wounds
 r - 8 potions of curing
 x - 2 potions of brilliance
 E - 2 potions of haste
Miscellaneous
 y - a phial of floods


   Skills:
 - Level 7.0 Fighting
 - Level 0.2 Maces & Flails
 - Level 9.2 Throwing
 + Level 13.6 Armour
 - Level 10.6 Dodging
 - Level 0.3 Stealth
 + Level 7.1 Shields
 + Level 20.8 Unarmed Combat


You had 16 spell levels left.
You didn't know any spells.
Your spell library contained the following spells:

 Spells                   Type           Power      Damage    Failure   Level
 Corpse Rot               Necr/Air       0%         N/A       100%        2
 Ensorcelled Hibernation  Hex/Ice        0%         N/A       100%        2
 Passwall                 Tmut/Erth      0%         N/A       100%        2
 Poisonous Vapours        Pois/Air       0%         N/A       100%        2
 Scorch                   Fire           0%         2d5       100%        2
 Gell's Gravitas          Tloc           0%         N/A       100%        3
 Lesser Beckoning         Tloc           0%         N/A       100%        3
 Ozocubu's Armour         Ice            0%         N/A       100%        3
 Stone Arrow              Conj/Erth      0%         3d7       100%        3
 Summon Guardian Golem    Hex/Summ       0%         N/A       100%        3
 Swiftness                Air            0%         N/A       100%        3
 Teleport Other           Tloc           0%         N/A       100%        3
 Animate Armour           Summ/Erth      0%         N/A       100%        4
 Flame Wave               Conj/Fire      0%         2d4       100%        4
 Summon Cactus Giant      Summ           0%         N/A       100%        6
 Orb of Destruction       Conj           0%         9d5       100%        7
 Ozocubu's Refrigeration  Ice            0%         4d5       100%        7
 Spellforged Servitor     Conj/Summ      0%         N/A       100%        7
 Lehudib's Crystal Spear  Conj/Erth      0%         10d2      100%        8


Dungeon Overview and Level Annotations

Branches:
Dungeon (15/15)            Temple (0/1) D:4            Lair (6/6) D:9
  Swamp (4/4) Lair:3        Snake (3/4) Lair:2        Slime (5/5) Lair:6
    Orc (2/2) D:11            Elf (0/3) Orc:2        Vaults (0/5) D:13
 Depths (0/4) D:15          Sewer (visited)         Volcano (visited)
Gauntlet (visited)

Altars:
Ashenzari
Elyvilon
Fedhas
Gozag
Kikubaaqudgha
Okawaru
Ru
Sif Muna
Trog
Vehumet
Wu Jian
The Shining One
Beogh
Jiyva
Lugonu

Shops:
D:4 *   D:7 [   D:14 (   Orc:2 :!:

Portals:
Abyss: Lair:6

Annotations:
D:8 2 transporters, DildoBatman's ghost, novice FoCj
Lair:1 1 runed translucent door, Jerry's ghost, journeyman VSFi
Lair:4 3 runed translucent doors, Fiha's ghost, journeyman VSTm; Hiywul's ghost, journeyman MiHu
Swamp:3 Lernaean hydra
Slime:5 Royal Jelly


Innate Abilities, Weirdness & Mutations

You are too large for most types of armour.
You have claws for hands.
Your natural rate of healing is unusually fast.
You are covered in fur. (AC +1)
You have tough skin. (AC +1)
You have a pair of horns on your head.
You are partially covered in iridescent scales. (AC +2)
You are agile. (Dex +2)
You are extremely strong-willed. (Will+++)
Your muscles are strong. (Str +2)
You have acidic saliva.
Your translucent skin reduces your foes' accuracy. (Stealth+)
You have a small jelly attached to you that may absorb projectiles.
You expend magic power (3 MP) to strengthen your wands.


Message History

You resist.
The mana viper bites you but does no damage.
You block the mana viper's attack.
You fade into invisibility!
You feel very sick. The nagaraja spits poison at you.
The splash of poison hits you. You resist. The nagaraja constricts you.
You block the mana viper's attack.
The mana viper bites you but does no damage.
You block the naga ritualist's attack.
The nagaraja hits you but does no damage.
The nagaraja constricts you.
You feel very mighty all of a sudden.
You feel very sick.
You block the mana viper's attack. x2; The nagaraja hits you with a +0 spear!
The nagaraja constricts you.
The naga ritualist hits you but does no damage.
The mana viper bites you but does no damage. x2
You barely miss the nagaraja.
The nagaraja is lightly wounded.
You feel sick.
The black mamba hisses angrily.
You block the nagaraja's attack. The nagaraja constricts you.
* * * LOW HITPOINT WARNING * * *
You block the naga ritualist's attack. The mana viper bites you!
* * * LOW HITPOINT WARNING * * *
The mana viper bites you but does no damage.
As you read the scroll of teleportation, it crumbles to dust.
You feel strangely unstable.
You feel sick.
The nagaraja gestures at you while chanting.
The poison arrow hits you!
You are more poisoned.
You partially resist.
* * * LOW HITPOINT WARNING * * *
The nagaraja constricts you.
* * * LOW HITPOINT WARNING * * *
The mana viper barely misses you. The mana viper bites you!
* * * LOW HITPOINT WARNING * * *
The nagaraja hits you with a +0 spear!
You die...

. N. ... ....
....S##
......N###
......S@.#
......SN..#
.S......[..#
.......>....#
N.###########
.


You could see a nagaraja (fast), a salamander, 2 naga ritualists, a shock
serpent, 2 mana vipers and a black mamba.

Vanquished Creatures
  Rupert (D:15)
  Gastronok (D:10)
  Kirke (D:14)
  Donald (Swamp:2)
  Louise (Swamp:1)
  5 eleionomae
  2 bunyips
  Nessos (D:13)
  An ettin (Orc:1)
  A shambling mangrove (Swamp:3)
  Snorg (D:12)
  A rakshasa (D:13)
  Harold (D:7)
  A salamander tyrant (Snake:2)
  Erolcha (Orc:2)
  8 boulder beetles
  23 hydras
  7 anacondas
  3 naga warriors
  3 ogre magi
  A spriggan air mage (Swamp:4)
  3 centaur warriors
  A ghost crab (Swamp:3)
  A death knight (D:13)
  9 two-headed ogres
  10 alligators
  4 death yaks (Lair:6)
  3 thrashing horrors (Lair:6)
  An orc high priest (Orc:1)
  2 tengu warriors
  5 shock serpents
  4 naga sharpshooters (Snake:1)
  5 skeletal warriors
  A death drake (Swamp:3)
  3 salamander mystics
  7 goliath frogs
  A large abomination (Lair:6)
  3 spriggan druids
  17 swamp dragons
  2 naga ritualists
  3 sea snakes (Snake:2)
  A wizard (D:15)
  2 lindwurms (Lair:4)
  10 bog bodies
  2 orc knights
  Pikel (D:6)
  A deep elf zephyrmancer (D:15)
  3 deep elf pyromancers
  4 mana vipers
  2 necromancers
  11 orc sorcerers
  4 salamanders
  2 manticores
  A wolf spider (D:14)
  15 ugly things
  A will-o-the-wisp (Swamp:4)
  6 cyclopes
  Maurice (D:8)
  13 black mambas
  6 elephants
  A gargoyle (D:12)
  10 cane toads
  3 smoke demons
  Psyche (D:9)
  9 naga magi
  5 centaur skeletons
  A kobold demonologist (D:13)
  7 komodo dragons
  3 unseen horrors
  3 yaktaurs (D:13)
  4 rime drakes
  3 ancient zymes (Lair:6)
  2 red devils (Volcano)
  7 trolls
  A queen bee (shapeshifter) (D:14)
  13 tyrant leeches
  12 hornets
  A blink frog (shapeshifter) (D:13)
  A raiju (Gauntlet)
  4 dream sheep (Lair:5)
  18 blink frogs
  A meliai zombie (D:11)
  A centaur simulacrum (D:14)
  A shadow (D:12)
  2 wraiths (D:12)
  11 spriggans
  5 fire bats (Volcano)
  10 small abominations (Lair:6)
  2 wyverns
  A hog (shapeshifter) (Lair:6)
  8 basilisks
  34 yaks
  Grum (D:10)
  A human (shapeshifter) (D:14)
  10 vampire mosquitoes
  3 steam dragons
  Edmund (D:5)
  16 swamp worms
  2 wargs
  13 nagas
  An acid dragon (D:13)
  13 water moccasins
  A hell hound (Volcano)
  9 swamp drakes
  A swamp drake (shapeshifter) (Lair:6)
  2 ice beasts
  16 orc warriors
  A sky beast (D:6)
  11 ogres
  2 black bears
  A hornet zombie (D:15)
  A necrophage (D:6)
  23 wolves
  4 boggarts
  6 centaurs
  3 phantoms
  2 kobold brigands (Sewer)
  9 bullfrogs
  4 gnoll sergeants
  A wyvern zombie (D:8)
  A scorpion (D:5)
  Blork the orc (D:6)
  7 killer bees (D:8)
  3 troll zombies
  A troll skeleton (Swamp:2)
  5 wights (D:8)
  An electric eel (Lair:6)
  A howler monkey (D:6)
  6 lava snakes (Volcano)
  7 centaur zombies
  5 orc priests
  Crazy Yiuf (D:3)
  27 orc wizards
  2 iguanas
  3 polar bear simulacra (Lair:3)
  3 yak simulacra (Lair:3)
  2 wolf simulacra (Lair:3)
  6 ogre zombies (D:11)
  A howler monkey zombie (D:6)
  12 gnolls
  7 adders
  5 river rats
  3 shadow imps
  A white imp (D:8)
  3 worms
  3 dart slugs
  56 orcs
  5 bats
  3 endoplasms (D:1)
  3 giant cockroaches
  8 goblins
  8 hobgoblins
  12 kobolds
  5 quokkas
  11 ball pythons
  3 frilled lizards
  A goblin skeleton (D:11)
  3 hobgoblin skeletons (D:11)
  3 hobgoblin zombies (D:11)
  2 orc skeletons (D:11)
  9 orc zombies (D:11)
  12 rats
  A river rat simulacrum (Lair:3)
841 creatures vanquished.

Vanquished Creatures (collateral kills)
  A minotaur (Gauntlet)
  A boulder beetle (D:8)
2 creatures vanquished.

Vanquished Creatures (others)
  A hydra (Swamp:2)
  Erica (D:8)
  Sonja (D:10)
  A bog body (Swamp:2)
  A wizard (D:9)
  2 ugly things (Gauntlet)
  A cyclops (D:12)
  A naga mage (Snake:1)
  A cane toad (Lair:6)
  A centaur skeleton (D:13)
  3 bloated husks (Swamp:2)
  A polar bear (Lair:3)
  2 dream sheep (Lair:5)
  A shadow (D:11)
  3 nagas (Snake:1)
  A water moccasin (D:8)
  A swamp drake (Swamp:4)
  4 bullfrogs
  3 electric eels
  122 jellies
  A jelly (shapeshifter) (Lair:6)
  2 iguanas
  5 orc wizards
  A polar bear simulacrum (Lair:3)
  A wolf simulacrum (Lair:3)
  An ogre zombie (D:11)
  A hound zombie (D:5)
  2 adders
  2 gnolls (D:10)
  A river rat (Sewer)
  3 endoplasms
  9 orcs
  A ball python (D:3)
  2 giant cockroaches
  A hobgoblin (D:3)
  A bat (D:4)
  3 frilled lizards
  A goblin (D:4)
  A goblin zombie (D:11)
  A hobgoblin zombie (D:11)
  11 kobolds
  An orc skeleton (D:11)
  4 orc zombies (D:11)
  10 rats (Sewer)
  2 butterflies (Lair:4)
  2 foxfires (Swamp:4)
  90 fungi
  152 plants
  8 withered plants
472 creatures vanquished.

Grand Total: 1315 creatures vanquished

Notes
Turn   | Place    | Note
-------+----------+-------------------------------------------
     0 | D:1      | Jerry the Troll Hunter began the quest for the Orb.
     0 | D:1      | Reached XP level 1. HP: 19/19 MP: 0/0
   101 | D:1      | Reached XP level 2. HP: 28/28 MP: 1/1
   426 | D:1      | Found a faded altar of an unknown god.
   521 | D:1      | Prayed at the altar of an unknown god.
   521 | D:1      | Became a worshipper of Jiyva Jiwiceex the Shapeless
   521 | D:1      | Reached * piety under Jiyva
   563 | D:1      | Reached XP level 3. HP: 35/35 MP: 2/2
   923 | D:2      | Reached ** piety under Jiyva
   990 | D:2      | Found a glowing golden altar of the Shining One.
  1090 | D:2      | Reached skill level 1 in Unarmed Combat
  1355 | D:2      | Reached XP level 4. HP: 40/42 MP: 3/3
  1758 | D:3      | Found a runed translucent door.
  1759 | D:3      | Noticed Crazy Yiuf
  1842 | D:3      | Reached *** piety under Jiyva
  1912 | D:3      | Gained mutation: You expend magic power (3 MP) to
                  | strengthen your wands. [Jiyva's grace]
  1912 | D:3      | Gained mutation: You are robust. (+10% HP) [Jiyva's grace]
  1912 | D:3      | Gained mutation: You are very robust. (+20% HP) [Jiyva's
                  | grace]
  1912 | D:3      | Gained mutation: You are extremely robust. (+30% HP)
                  | [Jiyva's grace]
  1952 | D:3      | Found a blossoming altar of Fedhas.
  1992 | D:3      | Reached skill level 2 in Unarmed Combat
  2393 | D:4      | Found a shimmering blue altar of Sif Muna.
  2430 | D:4      | Found an opulent altar of Gozag.
  2438 | D:4      | Reached XP level 5. HP: 62/63 MP: 4/4
  2467 | D:4      | Found a staircase to the Ecumenical Temple.
  2553 | D:4      | Found a glowing drain.
  2553 | D:4      | Noticed an ogre
  2569 | D:4      | Killed an ogre
  2624 | D:4      | Reached **** piety under Jiyva
  2645 | D:4      | Reached skill level 3 in Unarmed Combat
  2651 | Sewer    | Entered a sewer
  2908 | Sewer    | Reached XP level 6. HP: 71/74 MP: 5/5
  2915 | Sewer    | Reached skill level 4 in Unarmed Combat
  3454 | D:4      | Found Ugraim Ponn's Assorted Antiques.
  3589 | D:4      | Reached ***** piety under Jiyva
  3624 | D:5      | Entered Level 5 of the Dungeon
  3628 | D:5      | Noticed an orc warrior
  3697 | D:4      | Killed an orc warrior
  3728 | D:5      | Reached skill level 5 in Throwing
  3802 | D:5      | Reached XP level 7. HP: 79/84 MP: 6/6
  3941 | D:5      | Found a radiant altar of Vehumet.
  3972 | D:5      | Reached skill level 5 in Unarmed Combat
  4000 | D:5      | Lost mutation: You are extremely robust. (+30% HP) [Jiyva's
                  | grace]
  4000 | D:5      | Gained mutation: You have hidden genetic potential.
                  | [Jiyva's grace]
  4000 | D:5      | Gained mutation: You have great hidden genetic potential.
                  | [Jiyva's grace]
  4000 | D:5      | Gained mutation: You are covered in slimy tendrils that may
                  | disarm your opponents. [Jiyva's grace]
  4000 | D:5      | Gained mutation: Your body has grown eyes which may confuse
                  | attackers. (Acc +3) [Jiyva's grace]
  4072 | D:5      | Found a white marble altar of Elyvilon.
  4167 | D:5      | Identified a scroll of acquirement
  4167 | D:5      | Acquired the ring of Fasoryal {rF+ Will+ rCorr MP-9 Dex+4}
  4196 | D:6      | Noticed Edmund
  4215 | D:5      | Killed Edmund
  4296 | D:6      | Reached XP level 8. HP: 90/90 MP: 0/7
  4311 | D:6      | Identified the +0 robe "Bupuc" {Dex+5}
  4368 | D:6      | Reached skill level 6 in Unarmed Combat
  4371 | D:6      | Noticed Pikel
  4394 | D:6      | Gained mutation: You are strong-willed. (Will+) [hidden
                  | potential]
  4408 | D:6      | Killed Pikel
  4409 | D:6      | Reached skill level 7 in Unarmed Combat
  4484 | D:6      | Noticed Blork the orc
  4490 | D:6      | Killed Blork the orc
  4910 | D:3      | Killed Crazy Yiuf
  5231 | D:7      | Found Rammanu's Dragon-Slaying Spoils.
  5484 | D:7      | Reached XP level 9. HP: 99/100 MP: 0/8
  5581 | D:7      | Noticed Harold
  5586 | D:7      | Killed Harold
  5587 | D:7      | Reached skill level 5 in Dodging
  5587 | D:7      | Reached skill level 8 in Unarmed Combat
  5608 | D:7      | Gained mutation: You have sharp toenails. [hidden
                  | potential]
  5608 | D:7      | Lost mutation: You have great hidden genetic potential.
                  | [hidden potential expressed]
  5776 | D:7      | Reached ****** piety under Jiyva
  6051 | D:7      | Identified the ring of Intercession {rF+ rCorr MP+9 Stlth-}
  6157 | D:8      | Found a transporter.
  6170 | D:8      | Found a transporter.
  6172 | D:8      | Noticed DildoBatman's ghost (novice FoCj)
  6358 | D:8      | Reached skill level 5 in Fighting
  6376 | D:8      | Lost mutation: You have hidden genetic potential. [Jiyva's
                  | grace]
  6376 | D:8      | Gained mutation: You are somewhat resistant to further
                  | mutation. [Jiyva's grace]
  6376 | D:8      | Gained mutation: You are somewhat resistant to both further
                  | mutation and mutation removal. [Jiyva's grace]
  6376 | D:8      | Gained mutation: You are almost entirely resistant to
                  | further mutation and mutation removal. [Jiyva's grace]
  6376 | D:8      | Gained mutation: You passively map a small area around you.
                  | [Jiyva's grace]
  6449 | D:8      | Reached skill level 9 in Unarmed Combat
  6470 | D:8      | Reached XP level 10. HP: 111/115 MP: 0/9
  6483 | D:8      | Noticed Maurice
  6523 | D:8      | Killed Maurice
  6606 | D:8      | Noticed Erica
  6620 | D:8      | Killed Erica
  6698 | D:8      | Noticed a boulder beetle
  6758 | D:8      | Killed a boulder beetle
  6759 | D:8      | Reached skill level 10 in Unarmed Combat
  7004 | D:9      | Noticed a brown ugly thing
  7012 | D:9      | Killed a brown ugly thing
  7080 | D:9      | Noticed Psyche
  7083 | D:9      | Killed Psyche
  7099 | D:9      | Found a bloodstained altar of Trog.
  7422 | D:9      | Found a staircase to the Lair.
  7534 | D:9      | Noticed a wizard
  7536 | D:9      | Killed a wizard
  7861 | Lair:1   | Entered Level 1 of the Lair of Beasts
  7867 | D:9      | Reached XP level 11. HP: 126/126 MP: 1/10
  7901 | Lair:1   | Found a runed translucent door.
  7901 | Lair:1   | Noticed Jerry's ghost (journeyman VSFi)
  7994 | Lair:1   | Noticed a four-headed hydra
  7997 | Lair:1   | Killed a four-headed hydra
  7998 | Lair:1   | Reached skill level 1 in Armour
  7998 | Lair:1   | Reached skill level 11 in Unarmed Combat
  8806 | Lair:2   | Found a staircase to the Snake Pit.
  8903 | Lair:2   | Lost mutation: You are almost entirely resistant to further
                  | mutation and mutation removal. [Jiyva's grace]
  8903 | Lair:2   | Lost mutation: You are somewhat resistant to both further
                  | mutation and mutation removal. [Jiyva's grace]
  8903 | Lair:2   | Lost mutation: You are somewhat resistant to further
                  | mutation. [Jiyva's grace]
  8903 | Lair:2   | Lost mutation: You passively map a small area around you.
                  | [Jiyva's grace]
  8903 | Lair:2   | Gained mutation: You are covered in thick fur. (AC +2)
                  | [Jiyva's grace]
  8903 | Lair:2   | Gained mutation: Your thick and shaggy fur keeps you warm.
                  | (AC +3, rC+) [Jiyva's grace]
  8903 | Lair:2   | Gained mutation: You are agile. (Dex +2) [Jiyva's grace]
  8903 | Lair:2   | Gained mutation: You are very agile. (Dex +4) [Jiyva's
                  | grace]
  8910 | Lair:2   | Reached skill level 12 in Unarmed Combat
  8994 | Lair:2   | Noticed a six-headed hydra
  9100 | Lair:2   | Killed an eight-headed hydra
  9101 | Lair:2   | Reached XP level 12. HP: 63/141 MP: 2/11
  9177 | Lair:2   | You fall into a shaft and drop 1 floor!
  9706 | Lair:3   | Noticed a five-headed hydra
  9707 | Lair:3   | a five-headed hydra changed into an eye of devastation
  9954 | Lair:3   | Noticed an eight-headed hydra
  9967 | Lair:3   | Killed an eight-headed hydra
 10581 | Lair:3   | Found a staircase to the Swamp.
 10765 | Lair:4   | Lost mutation: You are strong-willed. (Will+) [Jiyva's
                  | grace]
 10765 | Lair:4   | Lost mutation: You are very robust. (+20% HP) [Jiyva's
                  | grace]
 10765 | Lair:4   | Lost mutation: You expend magic power (3 MP) to strengthen
                  | your wands. [Jiyva's grace]
 10765 | Lair:4   | Gained mutation: Armour fits poorly on your pseudopods.
                  | [Jiyva's grace]
 10765 | Lair:4   | Gained mutation: Armour fits poorly on your large
                  | pseudopods. [Jiyva's grace]
 10765 | Lair:4   | Gained mutation: Armour fits poorly on your massive
                  | pseudopods. [Jiyva's grace]
 10765 | Lair:4   | Gained mutation: Your rubbery body absorbs attacks. (AC +1,
                  | EV +1) [Jiyva's grace]
 10836 | Lair:4   | Noticed a boulder beetle
 10861 | Lair:4   | Killed a boulder beetle
 10862 | Lair:4   | Reached skill level 13 in Unarmed Combat
 11102 | Lair:4   | Reached skill level 5 in Armour
 11197 | Lair:4   | Found a gate leading to a gauntlet.
 11208 | Gauntlet | Entered a Gauntlet
 11208 | Gauntlet | Found a transporter.
 11215 | Gauntlet | Found a transporter.
 11218 | Gauntlet | Found a transporter.
 11219 | Gauntlet | Found a transporter.
 11227 | Gauntlet | Found a transporter.
 11230 | Gauntlet | Found a transporter.
 11231 | Gauntlet | Found a transporter.
 11237 | Gauntlet | Noticed a hell beast
 11242 | Gauntlet | Found a transporter.
 11243 | Gauntlet | Found a transporter.
 11251 | Gauntlet | Found a transporter.
 11253 | Gauntlet | Noticed a catoblepas
 11254 | Gauntlet | Found a transporter.
 11255 | Gauntlet | Found a transporter.
 11257 | Gauntlet | Noticed a quicksilver ooze
 11268 | Gauntlet | Found a transporter.
 11301 | Gauntlet | Found a transporter.
 11372 | Gauntlet | Noticed an ironbound thunderhulk
 11372 | Gauntlet | Noticed a green very ugly thing
 11372 | Gauntlet | Noticed a cyan very ugly thing
 11382 | Gauntlet | Noticed a red very ugly thing
 11382 | Gauntlet | Noticed a green very ugly thing
 11413 | Gauntlet | Noticed a minotaur
 11419 | Gauntlet | Killed a minotaur
 11430 | Gauntlet | Identified the +0 leather armour "Eretit" {rN+++ rCorr
                  | Str+3 Stlth-}
 11495 | Lair:4   | Found a runed translucent gate.
 11497 | Lair:4   | Found a runed translucent gate.
 11498 | Lair:4   | Found a runed translucent gate.
 11504 | Lair:4   | Reached skill level 14 in Unarmed Combat
 11514 | Lair:4   | Noticed Hiywul's ghost (journeyman MiHu)
 11517 | Lair:4   | Noticed Fiha's ghost (journeyman VSTm)
 12018 | Lair:5   | Lost mutation: Your thick and shaggy fur keeps you warm.
                  | (AC +3, rC+) [Jiyva's grace]
 12018 | Lair:5   | Lost mutation: Your rubbery body absorbs attacks. (AC +1,
                  | EV +1) [Jiyva's grace]
 12018 | Lair:5   | Lost mutation: Armour fits poorly on your massive
                  | pseudopods. [Jiyva's grace]
 12018 | Lair:5   | Lost mutation: You are covered in slimy tendrils that may
                  | disarm your opponents. [Jiyva's grace]
 12018 | Lair:5   | Gained mutation: You have acidic saliva. [Jiyva's grace]
 12018 | Lair:5   | Lost mutation: You have sharp toenails. [Jiyva's grace]
 12018 | Lair:5   | Gained mutation: You have large cloven feet. [Jiyva's
                  | grace]
 12018 | Lair:5   | Gained mutation: You have hoof-like feet. [Jiyva's grace]
 12018 | Lair:5   | Gained mutation: You have hooves in place of feet. [Jiyva's
                  | grace]
 12073 | Lair:5   | Reached XP level 13. HP: 136/136 MP: 3/12
 12350 | Lair:5   | Found a white marble altar of Elyvilon.
 12629 | Lair:6   | Entered Level 6 of the Lair of Beasts
 12825 | Lair:6   | Found a staircase to the Slime Pits.
 12997 | Lair:6   | Reached skill level 15 in Unarmed Combat
 13770 | Lair:6   | Found a corrupted altar of Lugonu.
 13770 | Lair:6   | Found a one-way gate to the infinite horrors of the Abyss.
 14027 | D:10     | Entered Level 10 of the Dungeon
 14044 | D:10     | Found an iron altar of Okawaru.
 14044 | D:10     | Noticed Gastronok
 14085 | D:10     | Killed Gastronok
 14230 | D:10     | Lost mutation: You have hooves in place of feet. [Jiyva's
                  | grace]
 14230 | D:10     | Lost mutation: Armour fits poorly on your large pseudopods.
                  | [Jiyva's grace]
 14230 | D:10     | Gained mutation: You expend magic power (3 MP) to
                  | strengthen your wands. [Jiyva's grace]
 14230 | D:10     | Lost mutation: You have hoof-like feet. [Jiyva's grace]
 14230 | D:10     | Lost mutation: You have large cloven feet. [Jiyva's grace]
 14230 | D:10     | Gained mutation: You have sharp toenails. [Jiyva's grace]
 14230 | D:10     | Gained mutation: You have razor-sharp toenails. [Jiyva's
                  | grace]
 14230 | D:10     | Gained mutation: You have claws for feet. [Jiyva's grace]
 14272 | D:10     | Killed Sonja
 14280 | D:10     | Found a broken altar of Ashenzari.
 14370 | D:10     | Identified the +8 quarterstaff of Invincibility {flame,
                  | Dex+5}
 14393 | D:10     | Found a sacrificial altar of Ru.
 14873 | D:10     | Reached skill level 10 in Dodging
 14873 | D:10     | Reached XP level 14. HP: 139/146 MP: 4/13
 14961 | D:10     | Reached skill level 16 in Unarmed Combat
 14971 | D:10     | Found a glowing golden altar of the Shining One.
 14972 | D:10     | Found an ornate altar of the Wu Jian Council.
 14985 | D:10     | Noticed Grum
 15007 | D:10     | Killed Grum
 15391 | D:11     | Found a staircase to the Orcish Mines.
 15535 | D:11     | Lost mutation: You have claws for feet. [Jiyva's grace]
 15535 | D:11     | Lost mutation: You are very agile. (Dex +4) [Jiyva's grace]
 15535 | D:11     | Lost mutation: You are covered in thick fur. (AC +2)
                  | [Jiyva's grace]
 15535 | D:11     | Gained mutation: Your melee attacks may engulf your foes in
                  | ooze. [Jiyva's grace]
 15535 | D:11     | Gained mutation: You are partially covered in iridescent
                  | scales. (AC +2) [Jiyva's grace]
 15535 | D:11     | Gained mutation: You are mostly covered in iridescent
                  | scales. (AC +4) [Jiyva's grace]
 15535 | D:11     | Gained mutation: You are completely covered in iridescent
                  | scales. (AC +6) [Jiyva's grace]
 15664 | Orc:1    | Entered Level 1 of the Orcish Mines
 15962 | Orc:2    | Entered Level 2 of the Orcish Mines
 16151 | Orc:2    | Found a staircase to the Elven Halls.
 16298 | Orc:2    | Found a radiant altar of Vehumet.
 16298 | Orc:2    | Noticed Erolcha
 16319 | Orc:2    | Killed Erolcha
 16349 | Orc:2    | Found an ancient bone altar of Kikubaaqudgha.
 16381 | Orc:2    | Found Daat's Antique Armour Emporium.
 16417 | Orc:2    | Found Vongin Ossa's Book Emporium.
 16417 | Orc:2    | Found Ciufyn's Book Shoppe.
 16443 | Orc:2    | Found Poptusyil's Distillery.
 16592 | Orc:2    | Found a dark tunnel.
 16603 | Volcano  | Entered a volcano
 16705 | Volcano  | Reached skill level 17 in Unarmed Combat
 16735 | Volcano  | Found a radiant altar of Vehumet.
 16793 | Volcano  | Found a burning altar of Makhleb.
 17353 | D:7      | Bought +2 gold dragon scales for 1380 gold pieces
 17951 | D:12     | Lost mutation: You have razor-sharp toenails. [Jiyva's
                  | grace]
 17951 | D:12     | Lost mutation: You are robust. (+10% HP) [Jiyva's grace]
 17951 | D:12     | Gained mutation: You have a small jelly attached to you
                  | that senses nearby items. [Jiyva's grace]
 17951 | D:12     | Gained mutation: Your mind is acute. (Int +2) [Jiyva's
                  | grace]
 17951 | D:12     | Gained mutation: Your mind is very acute. (Int +4) [Jiyva's
                  | grace]
 17951 | D:12     | Gained mutation: You are robust. (+10% HP) [Jiyva's grace]
 18090 | D:12     | Noticed Snorg
 18098 | D:12     | Killed Snorg
 18635 | D:13     | Noticed Nessos
 18641 | D:13     | Killed Nessos
 18902 | D:13     | Reached XP level 15. HP: 135/154 MP: 1/14
 18928 | D:13     | Identified the +2 short sword of Duty {venom, rN+++ Int-4
                  | Dex+2}
 19093 | D:13     | Found a gate to the Vaults.
 19602 | D:14     | Lost mutation: You are completely covered in iridescent
                  | scales. (AC +6) [Jiyva's grace]
 19602 | D:14     | Lost mutation: Armour fits poorly on your pseudopods.
                  | [Jiyva's grace]
 19602 | D:14     | Lost mutation: You have a small jelly attached to you that
                  | senses nearby items. [Jiyva's grace]
 19602 | D:14     | Lost mutation: You expend magic power (3 MP) to strengthen
                  | your wands. [Jiyva's grace]
 19602 | D:14     | Lost mutation: Your melee attacks may engulf your foes in
                  | ooze. [Jiyva's grace]
 19602 | D:14     | Gained mutation: You are covered in slimy tendrils that may
                  | disarm your opponents. [Jiyva's grace]
 19602 | D:14     | Gained mutation: You expend magic power (3 MP) to
                  | strengthen your wands. [Jiyva's grace]
 19602 | D:14     | Gained mutation: Your translucent skin slightly reduces
                  | your foes' accuracy. (Stealth+) [Jiyva's grace]
 19602 | D:14     | Gained mutation: Your translucent skin reduces your foes'
                  | accuracy. (Stealth+) [Jiyva's grace]
 19636 | D:14     | Reached skill level 18 in Unarmed Combat
 19778 | D:14     | Reached skill level 10 in Armour
 19957 | D:14     | Noticed Kirke
 19966 | D:14     | Killed Kirke
 20029 | D:14     | Found Murimnir's Weapon Shoppe.
 20442 | D:15     | Entered Level 15 of the Dungeon
 20463 | D:15     | Noticed Rupert
 20492 | D:15     | Killed Rupert
 20528 | D:15     | Identified the +12 chain mail "Ochops" {Harm Str-2 Int+9}
 21128 | D:15     | Found a staircase to the Depths.
 21142 | D:15     | Reached skill level 19 in Unarmed Combat
 21485 | Swamp:1  | Entered Level 1 of the Swamp
 21561 | Swamp:1  | Lost mutation: You have sharp toenails. [Jiyva's grace]
 21561 | Swamp:1  | Lost mutation: Your mind is very acute. (Int +4) [Jiyva's
                  | grace]
 21561 | Swamp:1  | Lost mutation: Your body has grown eyes which may confuse
                  | attackers. (Acc +3) [Jiyva's grace]
 21561 | Swamp:1  | Gained mutation: You have a small jelly attached to you
                  | that may absorb projectiles. [Jiyva's grace]
 21561 | Swamp:1  | Gained mutation: You have a pair of small horns on your
                  | head. [Jiyva's grace]
 21561 | Swamp:1  | Gained mutation: You have a pair of horns on your head.
                  | [Jiyva's grace]
 21561 | Swamp:1  | Gained mutation: You have a pair of large horns on your
                  | head. [Jiyva's grace]
 21603 | Swamp:1  | Noticed Louise
 21644 | Swamp:1  | Killed Louise
 21875 | Swamp:1  | Reached XP level 16. HP: 151/163 MP: 6/15
 22218 | Swamp:2  | Reached skill level 1 in Shields
 23173 | Swamp:3  | Noticed Donald
 23195 | Swamp:2  | Killed Donald
 23497 | Swamp:4  | Entered Level 4 of the Swamp
 23506 | Swamp:4  | Lost mutation: Your mind is acute. (Int +2) [Jiyva's grace]
 23506 | Swamp:4  | Lost mutation: You have acidic saliva. [Jiyva's grace]
 23506 | Swamp:4  | Lost mutation: You are covered in slimy tendrils that may
                  | disarm your opponents. [Jiyva's grace]
 23506 | Swamp:4  | Lost mutation: You have a small jelly attached to you that
                  | may absorb projectiles. [Jiyva's grace]
 23506 | Swamp:4  | Gained mutation: You are resistant to electric shocks.
                  | (rElec) [Jiyva's grace]
 23506 | Swamp:4  | Gained mutation: You are completely covered in iridescent
                  | scales. (AC +6) [Jiyva's grace]
 23506 | Swamp:4  | Gained mutation: You are strong-willed. (Will+) [Jiyva's
                  | grace]
 23506 | Swamp:4  | Gained mutation: You are highly strong-willed. (Will++)
                  | [Jiyva's grace]
 23663 | Swamp:4  | Reached skill level 20 in Unarmed Combat
 24030 | Swamp:3  | Reached skill level 5 in Shields
 24405 | Swamp:4  | Noticed the 27-headed Lernaean hydra
 24579 | Swamp:4  | Reached XP level 17. HP: 165/171 MP: 7/16
 24816 | Swamp:4  | Got a decaying rune of Zot
 25107 | Slime:1  | Entered Level 1 of the Pits of Slime
 25115 | Slime:2  | Noticed an acid blob
 25123 | Slime:3  | Noticed an acid blob
 25133 | Slime:4  | Noticed an acid blob
 25136 | Slime:4  | Noticed an acid blob
 25145 | Slime:5  | Entered Level 5 of the Pits of Slime
 25145 | Slime:5  | Noticed an acid blob
 25157 | Slime:5  | Noticed an acid blob
 25169 | Slime:5  | Found a viscous altar of Jiyva.
 25171 | Slime:5  | Noticed an acid blob
 25171 | Slime:5  | Noticed an acid blob
 25171 | Slime:5  | Noticed an acid blob
 25175 | Slime:5  | Identified the +9 hunting sling "Transmigrator" {freeze,
                  | rElec Will+}
 25176 | Slime:5  | Noticed an acid blob
 25176 | Slime:5  | Noticed the Royal Jelly
 25178 | Slime:5  | Identified the +6 rapier "Tuchumegh" {elec, rN+ rCorr
                  | Str+3}
 25179 | Slime:5  | Noticed an acid blob
 25187 | Slime:5  | Got a slimy rune of Zot
 25189 | Slime:5  | Got Wizardry, Part Two
 25193 | Slime:5  | Noticed an acid blob
 25198 | Slime:5  | Identified the ring "Cutteuv" {Wiz rPois rF- rCorr}
 25200 | Slime:5  | Identified the ring of Arytiru {Fire rPois Will+}
 25211 | Slime:5  | Identified the ring of Gluttony {+Blink rC+ MP+9 Str-2}
 25225 | Slime:5  | Noticed an acid blob
 25279 | Slime:5  | Noticed an acid blob
 25395 | Slime:5  | Identified the +9 short sword of Xyilidou {elec, Int+4}
 25400 | Slime:5  | Identified the +2 ring mail "Syept" {+Blink rCorr Int-2}
 25448 | Slime:4  | Noticed an acid blob
 25661 | Slime:1  | Noticed an acid blob
 25903 | Snake:1  | Entered Level 1 of the Snake Pit
 26906 | Snake:2  | Lost mutation: You have a pair of large horns on your head.
                  | [Jiyva's grace]
 26906 | Snake:2  | Lost mutation: You are completely covered in iridescent
                  | scales. (AC +6) [Jiyva's grace]
 26906 | Snake:2  | Lost mutation: You are mostly covered in iridescent scales.
                  | (AC +4) [Jiyva's grace]
 26906 | Snake:2  | Lost mutation: You are robust. (+10% HP) [Jiyva's grace]
 26906 | Snake:2  | Lost mutation: You are resistant to electric shocks.
                  | (rElec) [Jiyva's grace]
 26906 | Snake:2  | Gained mutation: You are extremely strong-willed. (Will+++)
                  | [Jiyva's grace]
 26906 | Snake:2  | Gained mutation: You have acidic saliva. [Jiyva's grace]
 26906 | Snake:2  | Gained mutation: You have a small jelly attached to you
                  | that may absorb projectiles. [Jiyva's grace]
 26906 | Snake:2  | Gained mutation: Your muscles are strong. (Str +2) [Jiyva's
                  | grace]
 27705 | Snake:3  | Slain by a nagaraja

Illustrated notes

Levels and vault maps discovered:
D:1:      dpeg_arrival_tiny_a, layout_loops_cross,
          shapermc_ecumenical_altar_petra, minmay_unequal
D:2:      layout_basic, basic_altar, chequers_serial_rivers_small_b,
          minmay_joined_circles
D:3:      layout_basic, mainiacjoe_overflow_alcove_2, uniq_crazy_yiuf_cottage
D:4:      layout_loops_ring, mainiacjoe_overflow_six_doors_small,
          nicolae_overflow_crystal_walls, minmay_temple_entry_drinking_statues,
          serial_shops, nicolae_shop_advertising_works
          [nicolae_subvault_shop_adworks], cheibrodos_sewer_entry_sluice
D:5:      layout_rooms, mainiacjoe_overflow_tiny_flanked,
          overflow_temple_1_default
D:6:      kennysheep_six_static_rooms, layout_rooms, uniq_pikel, uniq_edmund,
          uniq_blork_the_orc
D:7:      mumra_celtic_spiral_tile, layout_gridville, nicolae_shop_dragon_depot,
          uniq_harold
D:8:      minmay_clustersquares, layout_rooms, gammafunk_ghost_hive,
          minmay_misc_feat_doors, uniq_maurice, uniq_erica
D:9:      layout_basic, trog_wizard, lair_entry_dummy, minmay_door_square,
          uniq_psyche
D:10:     layout_stronghold, nicolae_ru_great_annihilating_truth,
          okawaru_ov_weapons_minmay, mainiacjoe_overflow_alcove_4,
          nicolae_overflow_squiral, minmay_misc_feat_more_columns, uniq_sonja,
          uniq_grum, uniq_gastronok
D:11:     layout_rooms, zombieorc2_lemuel
D:12:     layout_long_grid, mrwooster_statue_mirror,
          hangedman_abyss_or_decor_stabs, uniq_snorg
D:13:     layout_roguey, hangedman_vaults_entry_quadrant_bands,
          amethyst_killhole, dk_noncrumbling_2, uniq_nessos
D:14:     minmay_stepped, layout_irregular_city, serial_shops,
          nicolae_shop_stone, uniq_kirke
D:15:     grunt_enter_depths_magical_seal, layout_cross,
          minmay_misc_feat_nine_boxes, uniq_rupert
Lair:1:   layout_cave_pods, gammafunk_ghost_grave,
          chequers_serial_rivers_micro_b, serial_bayou_crossing,
          grunt_megastairs_5
Lair:2:   layout_roguey, dummy_snake_entry
Lair:3:   layout_regular_city, palyth_hydra_swamp_entry, minivault_27,
          serial_bayou_ford_a, eino_house_with_fridge
Lair:4:   layout_regular_city, gauntlet_entry_generic, gammafunk_ghost_cemetery,
          grunt_megastairs_1, lemuel_fruit_fields
Lair:5:   layout_regular_city, basic_altar
Lair:6:   hellmonk_lair_end_abyssal_woods, layout_hall_layers, slime_dummy,
          serial_bayou, serial_bayou_pond_c, serial_bayou_shore_b,
          serial_bayou_lake_a, serial_bayou_pond_d
Swamp:1:  nicolae_swamp_ascending_descending, layout_basic_swamp,
          evilmike_swamp_ruin_house_3, uniq_louise
Swamp:2:  layout_basic_swamp, nicolae_swamp_triple_paths, swamp_pool3,
          cheibrodos_swamp_minitomb, infiniplex_staircase_pool
Swamp:3:  layout_basic_swamp, evilmike_swamp_ruin_wall, swamp_pool5, uniq_donald
Swamp:4:  swamp_old_school, layout_basic_swamp, swamp_pool2, ldierk_geyser,
          nicolae_swamp_bloodsuckers_inc
Snake:1:  layout_misc_corridors
Snake:2:  layout_gridlike, nicolae_snake_springs, grunt_megastairs_2
Snake:3:  layout_onion_interference
Slime:1:  layout_caves
Slime:2:  layout_caves
Slime:3:  layout_caves
Slime:4:  layout_caves, special_room [special_room_jelly]
Slime:5
Orc:1:    layout_caves
Orc:2:    kennysheep_orc_mage_school, layout_caves, nicolae_volcano_entry_s_turn

Skill      XL: |  1  2  3  4  5  6  7  8  9 10 11 12 13 14 15 16 17 |
---------------+----------------------------------------------------+-----
Dodging        | 2 3 4 5 6 7 8 10 | 10.6
Fighting       | 2 3 4 5 6 7 |  7.0
Throwing       | 4 5 6 7 8 9 |  9.2
Unarmed Combat | 1 2 3 4 5 7 9 10 12 14 15 17 19 20 | 20.8
Armour         | 3 5 7 9 11 12 13 | 13.6
Shields        | 5 7 |  7.1
Maces & Flails | |  0.2
Stealth        | |  0.3

Action                   |  1- 3 |  4- 6 |  7- 9 | 10-12 | 13-15 | 16-18 || total
-------------------------+-------+-------+-------+-------+-------+-------++-------
Melee: Short sword       |    40 |       |       |       |       |       ||    40
       Whip              |     9 |       |       |     9 |       |       ||    18
       Unarmed           |    56 |   192 |   169 |   434 |   944 |   717 ||  2512
       Punch             |     2 |     3 |     8 |    51 |   124 |    36 ||   224
       Kick              |       |       |    21 |   159 |   376 |       ||   556
       Pseudopods        |       |       |       |    33 |   143 |       ||   176
       Giant spiked club |       |       |       |     2 |     8 |    17 ||    27
       Bite              |       |       |       |       |   122 |    34 ||   156
       Headbutt          |       |       |       |       |    10 |   191 ||   201
Throw: Large rock        |       |     5 |    12 |    18 |     7 |    12 ||    54
       Throwing net      |       |       |       |     6 |     4 |       ||    10
       Javelin           |       |       |       |     4 |    35 |       ||    39
Evoke: Wand              |       |       |     1 |    13 |       |       ||    14
  Use: Scroll            |       |       |     8 |     9 |     7 |     9 ||    33
       Potion            |       |       |       |       |     1 |     5 ||     6
 Stab: Sleeping          |     1 |       |       |       |     9 |       ||    10
       Confused          |       |       |       |     7 |     6 |       ||    13
       Held in net/web   |       |       |       |     1 |     1 |       ||     2
Armor: Robe              |    37 |    45 |    39 |    23 |       |       ||   144
       Troll leather arm |       |       |       |    86 |   103 |       ||   189
       Gold dragon scale |       |       |       |       |   212 |   732 ||   944
Dodge: Dodged            |    45 |    88 |    75 |   255 |   493 |   277 ||  1233
Block: Other             |       |       |    14 |    81 |   151 |    40 ||   286
       Reflection        |       |       |       |     1 |     9 |    14 ||    24
       Kite shield       |       |       |       |       |       |   286 ||   286
